 Dungeon Crawl Stone Soup version 0.30-a0-930-gb9d0489357 (webtiles) character file.

Game seed: 6299386254745400184

27587 ragingrage the Destroyer (level 13, -4/93 HPs)
             Began as a Mummy Hedge Wizard on Mar 23, 2023.
             Was a High Priest of Sif Muna.
             Hit by a large rock thrown by a stone giant (30 damage)
             ... in a volcano.
             The game lasted 00:28:48 (23372 turns).

ragingrage the Destroyer (Mummy Hedge Wizard)      Turns: 23372, Time: 00:28:48

Health: -4/93      AC: 16    Str: 13    XL:     13   Next: 5%
Magic:  0/35       EV: 15    Int: 17    God:    Sif Muna [*****.]
Gold:   880        SH:  0    Dex: 12    Spells: 2/31 levels left

rFire   . . .      SeeInvis .    t - +6 spear of Untruth {drain, Str+4}
rCold   + . .      Faith    +    (no shield)
rNeg    + + +      Spirit   +    g - +6 ring mail of Parts Unknown {rF+ MP+9 Str-5}
rPois   ∞          Reflect  .    h - +2 hat
rElec   .          Rampage  +    (no cloak)
rCorr   +                        e - +1 pair of gloves
Will    +....                    (no boots) Stlth
                                 F - amulet of Xom's Full Attention {Spirit Rampage Regen+ rCorr Stlth-}
HPRegen 1.15/turn                f - +5 ring of evasion
MPRegen 0.24/turn                (no ring)

@: about to teleport
A: cold resistance 1, negative energy resistance 3, torment resistance 2, heat
vulnerability 1, in touch with death 2, no potions, faith
a: Renounce Religion, Channel Magic, Forget Spell, Divine Exegesis


You were in a volcano.
You worshipped Sif Muna.
Sif Muna was extremely pleased with you.
You visited 2 branches of the dungeon, and saw 15 of its levels.
You also visited: Sewer and Volcano.

You collected 880 gold pieces.

Inventory:

Hand Weapons
 t - the +6 spear of Untruth (weapon) {drain, Str+4}
   (You found it on level 4 of the Dungeon)

   Str:       It affects your strength (+4).
 v - a +2 dagger of distortion
Missiles
 l - 24 poisoned darts
 m - 5 throwing nets
Armour
 d - a +0 robe of the Archmagi
 e - a +1 pair of gloves (worn)
 g - the +6 ring mail of Parts Unknown (worn) {rF+ MP+9 Str-5}
   (You took it off a wight on level 7 of the Dungeon)

   Str:       It affects your strength (-5).
   rF:        It protects you from fire.
   MP:        It affects your magic capacity (+9).
 h - a +2 hat (worn)
Jewellery
 f - a +5 ring of evasion (left hand)
 D - an amulet of the acrobat
 F - the amulet of Xom's Full Attention (around neck) {Spirit Rampage Regen+ rCorr Stlth-}
   (You acquired it on level 1 of the Lair of Beasts)

   [amulet of guardian spirit]

   It causes incoming damage to be divided between your reserves of health and
   magic.
   Regen:     It increases your rate of health regeneration.
   rCorr:     It protects you from acid and corrosion.
   Rampage:   It bestows one free step when moving towards enemies.
   Stlth:     It makes you less stealthy.
Wands
 b - a wand of light (5)
 k - a wand of flame (44)
 w - a wand of polymorph (15)
 z - a wand of charming (13)
Scrolls
 i - 3 scrolls of magic mapping
 j - 2 scrolls of identify
 n - 7 scrolls of teleportation
 o - a scroll of fog
 p - a scroll of brand weapon
 r - a scroll of enchant weapon
 s - 2 scrolls of butterflies
 u - 5 scrolls of immolation
 x - a scroll of fear
 A - 2 scrolls of blinking
 B - 2 scrolls of amnesia
 C - 3 scrolls of vulnerability
Miscellaneous
 c - a phial of floods
 G - a box of beasts (inert)


   Skills:
 - Level 6.0 Fighting
 - Level 7.3 Armour
 - Level 1.5 Dodging
 - Level 2.0 Stealth
 - Level 9.5 Spellcasting
 + Level 10.8 Conjurations
 - Level 0.7 Summonings
 - Level 2.0 Necromancy
 - Level 2.5 Translocations
 - Level 1.7 Ice Magic
 - Level 3.6 Air Magic
 - Level 7.0 Earth Magic
 - Level 3.0 Poison Magic
 - Level 6.3 Invocations


You had 2 spell levels left.
You knew the following spells:

 Your Spells              Type           Power      Damage    Failure   Level
a - Iskenderun's Battles  Conj           44%        2d10      5%          5
b - Momentum Strike       Conj/Tloc      60%        3d9       1%          2
c - Blink                 Tloc           32%        N/A       10%         2
d - Call Imp              Summ           10%        N/A       19%         2
e - Stone Arrow           Conj/Erth      76%        3d11      1%          3
f - Mephitic Cloud        Conj/Pois/Air  27%        N/A       4%          3
g - Kiss of Death         Conj/Necr      100%       2d13      1%          1
h - Freezing Cloud        Conj/Ice/Air   13%        6-21      45%         5
i - Magic Dart            Conj           100%       1d8       1%          1
j - Borgnjor's Vile Clut  Necr/Erth      25%        N/A       58%         5

Your spell library contained the following spells:

 Spells                   Type           Power      Damage    Failure   Level
 Foxfire                  Conj/Fire      100%       2x1d9     1%          1
 Sandblast                Erth           64%        2d14      1%          1
 Shock                    Conj/Air       100%       1d9       1%          1
 Passwall                 Tmut/Erth      16%        N/A       6%          2
 Cigotuvi's Dreadful Rot  Necr/Pois/Air  80%        N/A       8%          2
 Lesser Beckoning         Tloc           32%        N/A       10%         2
 Slow                     Hex            32%        N/A       17%         1
 Gell's Gravitas          Tloc           16%        N/A       19%         3
 Teleport Other           Tloc           16%        N/A       19%         3
 Sticky Flame             Conj/Fire      26%        2d5       19%         4
 Kindle Blastsparks       Fire/Tloc/Air  30%        2d12      22%         3
 Ignite Poison            Fire/Tmut/Pois 11%        N/A       34%         3
 Confusing Touch          Hex            8%         N/A       45%         3
 Dispel Undead            Necr           33%        3d14      58%         4
 Summon Forest            Summ/Tloc      6%         N/A       94%         5
 Alistair's Intoxication  Tmut/Pois      8%         N/A       95%         5
 Yara's Violent Unravell  Hex/Tmut       4%         3d4       99%         5
 Dispersal                Tloc           8%         N/A       100%        6
 Eringya's Noxious Bog    Tmut/Pois      6%         N/A       100%        6
 Enfeeble                 Hex            4%         N/A       100%        7
 Summon Hydra             Summ           5%         N/A       100%        7
 Polar Vortex             Ice            6%         N/A       100%        9


Dungeon Overview and Level Annotations

Branches:
Dungeon (12/15)            Temple (0/1) D:4            Lair (3/5) D:11
  Snake (0/4) Lair:2          Orc (0/2) D:9           Sewer (visited)
Volcano (1/1)
  Swamp: Lair:2-3    Shoals: Lair:2-3

Altars:
Dithmenos
Fedhas
Gozag
Makhleb
Okawaru
Sif Muna
Xom

Shops:
D:6 :   D:10 (

Annotations:
D:9 exclusion: downstairs
D:12 exclusion: boulder beetle


Innate Abilities, Weirdness & Mutations

You are immune to poison.
Your flesh is cold resistant. (rC+)
You are immune to negative energy. (rN+++)
You are immune to unholy pain and torment.
You are vulnerable to heat. (rF-)
You are strongly in touch with the powers of death.
You do not drink.
You have a special connection with the divine. (Faith)


Message History

A stone giant comes into view.
Your larval batshock beast bursts into living lightning!
The living lightning hits the stone giant.
Your larval batshock beast blinks! x2
The stone giant throws a large rock.
The large rock hits your larval batshock beast!!
Your larval batshock beast dies!
Your larval batshock beast's corpse disappears in a puff of smoke!
There is an open door here.
You close the door.
The air gets thick with the scent of sulphur.
The volcano roars to life, belching forth lava!
You are engulfed in blazing flames.
You are engulfed in blazing flames.
You are engulfed in blazing flames.
A lava snake comes into view.
The lava snake hisses angrily.
You hear an angry hiss.
The lava snake spits lava at you. The glob of lava hits you!!
A lava snake comes into view.
The lava snake spits lava at you. The glob of lava hits you!
Okay, then.
A lava snake comes into view.
The lava snake misses you. The lava snake misses you.
The lava snake spits lava at you. The glob of lava hits you!
As you read the scroll of teleportation, it crumbles to dust.
You feel strangely unstable.
The lava snake hisses angrily.
The lava snake barely misses you. The lava snake closely misses you.
The lava snake spits lava at you. The glob of lava hits you!
* * * LOW HITPOINT WARNING * * *
The lava snake bites you but does no damage.
The lava snake attacks as you move away!
The lava snake closely misses you.
The stone giant throws a large rock.
The large rock hits you!!
You die...

.# #.# C######.#.#
.#......#C# .###++###'#
.# ... .# .8_8. §§§ §#
+...C.+ §§§§
C#################.≈≈§§
≈§§§.C..§C......@.§§≈§
§§§≈.§≈§§§≈§≈§≈S§≈S≈§≈
≈§§≈≈§≈≈§§≈§§§§S§≈≈§§§§
≈§≈≈≈§≈≈§≈§≈§§§§≈§≈≈§≈§
≈≈≈≈≈≈≈≈§§≈§§≈§§≈§§§§§
≈≈§≈≈§§§≈§§≈≈§≈≈≈§§§§§
≈§§§≈≈≈≈≈§≈§§≈≈§≈§§≈≈
≈≈≈≈§≈≈≈≈≈≈≈§§§§§≈≈≈≈§


You could see a stone giant and 3 lava snakes.

Vanquished Creatures
  Rupert (D:12)
  Gastronok (D:11)
  Josephine (D:10)
  Harold (D:10)
  2 boulder beetles
  2 hydras (Lair:2)
  2 two-headed ogres
  Pikel (D:7)
  An elephant (Lair:2)
  2 rust devils
  A gargoyle (D:11)
  An efreet (Volcano)
  3 rime drakes
  6 cane toads
  2 unseen horrors (D:12)
  Psyche (D:10)
  4 komodo dragons
  2 trolls
  A hornet (D:10)
  5 wraiths
  3 wyverns
  29 yaks
  A shadow (D:12)
  3 basilisks
  A ynoxinul (D:10)
  3 fire elementals (Volcano)
  2 chaos spawn (D:10)
  8 vampire mosquitoes
  A warg (D:9)
  2 nagas (Lair:2)
  An acid dragon (D:10)
  9 water moccasins
  2 orc warriors
  4 sky beasts
  6 black bears
  2 ogres
  6 wolves
  A boggart (D:10)
  5 centaurs
  A phantom (D:5)
  3 lemures (D:7)
  7 scorpions
  12 bullfrogs
  2 wights (D:7)
  4 howler monkeys
  A lava snake (Volcano)
  An orc priest (D:9)
  2 gnoll boudas
  3 hounds
  A sleepcap (D:7)
  4 iguanas
  6 orc wizards
  13 gnolls
  12 adders
  A shadow imp (D:4)
  2 white imps
  2 worms
  4 dart slugs
  25 orcs
  9 endoplasms
  4 giant cockroaches
  5 goblins
  5 hobgoblins
  3 jackals (D:4)
  4 kobolds
  10 quokkas
  11 ball pythons
  3 bats
  10 frilled lizards
  8 rats
307 creatures vanquished.

Vanquished Creatures (others)
  68 fungi
  76 plants
  4 toadstools (D:1)
148 creatures vanquished.

Grand Total: 455 creatures vanquished

Notes
Turn   | Place    | Note
-------+----------+-------------------------------------------
     0 | D:1      | ragingrage the Mummy Hedge Wizard began the quest for the
                  | Orb.
     0 | D:1      | Reached XP level 1. HP: 13/13 MP: 5/5
    64 | D:1      | Reached skill level 1 in Conjurations
   785 | D:1      | Reached XP level 2. HP: 19/19 MP: 4/7
  1211 | D:1      | Learned a level 2 spell: Momentum Strike
  1214 | D:1      | Learned a level 2 spell: Blink
  1217 | D:1      | Learned a level 2 spell: Call Imp
  1376 | D:2      | Reached skill level 2 in Conjurations
  1376 | D:2      | Reached skill level 1 in Translocations
  1376 | D:2      | Gained mutation: You are in touch with the powers of death.
                  | [Mummy growth]
  1376 | D:2      | Reached XP level 3. HP: 20/24 MP: 3/8
  2097 | D:2      | Learned a level 3 spell: Mephitic Cloud
  2328 | D:2      | Reached XP level 4. HP: 30/30 MP: 2/10
  4156 | D:4      | Reached skill level 3 in Conjurations
  4297 | D:4      | Identified the +6 spear of Untruth {drain, Str+4}
  4431 | D:4      | Reached XP level 5. HP: 35/35 MP: 5/11
  5163 | D:4      | Found a shimmering blue altar of Sif Muna.
  5195 | D:4      | Found a staircase to the Ecumenical Temple.
  5220 | D:4      | Became a worshipper of Sif Muna the Loreminder
  5326 | D:5      | Entered Level 5 of the Dungeon
  5446 | D:5      | Noticed a centaur
  5457 | D:5      | Killed a centaur
  5458 | D:5      | Reached skill level 4 in Conjurations
  5458 | D:5      | Reached skill level 1 in Fighting
  5458 | D:5      | Reached XP level 6. HP: 33/44 MP: 12/12
  5462 | D:5      | Learned a level 3 spell: Stone Arrow
  5755 | D:5      | Reached skill level 1 in Air Magic
  5755 | D:5      | Reached skill level 1 in Earth Magic
  5755 | D:5      | Reached skill level 1 in Poison Magic
  6115 | D:5      | Reached XP level 7. HP: 34/50 MP: 2/13
  6692 | D:5      | Found a burning altar of Makhleb.
  6847 | D:6      | Found Odghaa's Book Emporium.
  6860 | D:6      | Learned a level 1 spell: Kiss of Death
  6892 | D:6      | Reached * piety under Sif Muna
  6893 | D:6      | Reached skill level 5 in Conjurations
  6943 | D:6      | Reached skill level 1 in Necromancy
  7080 | D:6      | Found an iron altar of Okawaru.
  7088 | D:6      | Reached skill level 5 in Spellcasting
  7088 | D:6      | Reached XP level 8. HP: 56/56 MP: 11/15
  7096 | D:6      | Reached skill level 1 in Invocations
  7257 | D:6      | Found a glowing drain.
  7280 | Sewer    | Entered a sewer
  7453 | Sewer    | Reached ** piety under Sif Muna
  8156 | D:6      | Found a blossoming altar of Fedhas.
  8172 | D:6      | Found a shadowy altar of Dithmenos.
  9308 | D:7      | Noticed Pikel
  9324 | D:7      | Killed Pikel
  9325 | D:7      | Reached XP level 9. HP: 65/65 MP: 11/16
  9425 | D:7      | Reached *** piety under Sif Muna
  9426 | D:7      | Reached skill level 6 in Conjurations
  9851 | D:7      | Identified the +6 ring mail of Parts Unknown {rF+ MP+9
                  | Str-5}
 10369 | D:7      | Found a shimmering altar of Xom.
 10533 | D:8      | Reached skill level 5 in Earth Magic
 10543 | D:8      | Reached skill level 1 in Armour
 11632 | D:9      | Reached skill level 7 in Conjurations
 11843 | D:9      | Identified the +2 chain mail "Ypsampe" {Drain Str+2 Int+7
                  | Dex+2}
 11854 | D:9      | Noticed a two-headed ogre
 11880 | D:9      | Killed a two-headed ogre
 11881 | D:9      | Reached XP level 10. HP: 60/71 MP: 4/18
 12022 | D:9      | Found a staircase to the Orcish Mines.
 13044 | D:10     | Entered Level 10 of the Dungeon
 13045 | D:10     | Noticed a rust devil
 13280 | D:9      | Killed a rust devil
 13626 | D:10     | Noticed a two-headed ogre
 13636 | D:10     | Killed a two-headed ogre
 13637 | D:10     | Reached skill level 8 in Conjurations
 13971 | D:10     | Noticed a rust devil
 14052 | D:10     | Killed a rust devil
 14053 | D:10     | Reached skill level 5 in Armour
 14418 | D:10     | Noticed Psyche
 14427 | D:10     | Killed Psyche
 14520 | D:10     | Found Ryczuo's Weapon Shoppe.
 14549 | D:10     | Found an opulent altar of Gozag.
 14728 | D:10     | Noticed Harold
 14740 | D:10     | Killed Harold
 14741 | D:10     | Reached XP level 11. HP: 77/77 MP: 7/21
 14869 | D:10     | Noticed a wizard
 14895 | D:10     | Reached **** piety under Sif Muna
 15716 | D:11     | Found a staircase to the Lair.
 16016 | D:11     | Noticed Gastronok
 17252 | D:12     | Noticed Rupert
 17262 | D:12     | Killed Rupert
 17689 | D:12     | Reached skill level 5 in Fighting
 17809 | D:12     | Noticed a boulder beetle
 17816 | D:12     | Killed a boulder beetle
 17982 | D:12     | Noticed a boulder beetle
 18138 | D:12     | Noticed a boulder beetle
 18539 | D:11     | Killed Gastronok
 18540 | D:11     | Reached skill level 5 in Invocations
 18540 | D:11     | Reached XP level 12. HP: 30/87 MP: 7/24
 18907 | D:11     | Noticed Josephine
 18970 | D:10     | Killed Josephine
 19503 | Lair:1   | Entered Level 1 of the Lair of Beasts
 19584 | Lair:1   | Reached ***** piety under Sif Muna
 19858 | Lair:1   | Learned a level 5 spell: Freezing Cloud
 20423 | Lair:1   | Reached skill level 1 in Ice Magic
 20483 | Lair:1   | Identified a scroll of acquirement
 20484 | Lair:1   | Acquired the amulet of Xom's Full Attention {Spirit Rampage
                  | Regen+ rCorr Stlth-}
 21279 | Lair:2   | Received a gift from Sif Muna
 21280 | Lair:2   | Got Sif Muna's Anthology of Blasting and the Serac {god
                  | gift}
 21297 | Lair:2   | Noticed a seven-headed hydra
 21307 | Lair:2   | Learned a level 5 spell: Iskenderun's Battlesphere
 21361 | Lair:2   | Noticed a four-headed hydra
 21375 | Lair:2   | Killed a seven-headed hydra
 21553 | Lair:2   | Reached skill level 9 in Conjurations
 22048 | Lair:2   | Found a staircase to the Snake Pit.
 22050 | Lair:2   | Noticed a boulder beetle
 22055 | Lair:2   | Killed a boulder beetle
 22246 | Lair:2   | Reached skill level 10 in Conjurations
 22286 | Lair:2   | Killed a four-headed hydra
 22342 | Lair:2   | Learned a level 5 spell: Borgnjor's Vile Clutch
 23034 | Lair:3   | Gained mutation: You are strongly in touch with the powers
                  | of death. [Mummy growth]
 23034 | Lair:3   | Reached XP level 13. HP: 93/93 MP: 7/26
 23193 | Lair:3   | Found a dark tunnel.
 23204 | Volcano  | Entered a volcano
 23273 | Volcano  | Found a bloodstained altar of Trog.
 23330 | Volcano  | Noticed a stone giant
 23372 | Volcano  | Hit by a large rock thrown by a stone giant

Illustrated notes

Levels and vault maps discovered:
D:1:      ldierk_walled_garden_2, layout_basic, minmay_door_square,
          nicolae_titane
D:2:      layout_loops_cross
D:3:      layout_loops_cross, kennysheep_another_room
D:4:      layout_basic, nicolae_sif_muna_little_library,
          lemuel_temple_firewalk_b
D:5:      layout_gridville, kennysheep_little_box
D:6:      layout_loops_ring, hellmonk_okawaru_the_only_friend_you_need,
          mainiacjoe_overflow_six_doors_small,
          nicolae_dithmenos_through_a_glass_darkly, fedhas_altar_3,
          cheibrodos_sewer_entry_bend, serial_shops, shop, dk_rats_in_the_wall
D:7:      layout_basic, marbit_many_paths, uniq_pikel
D:8:      layout_basic, minmay_misc_feat_x, chequers_serial_rivers_small_b,
          kennysheep_pointless_box
D:9:      layout_basic, david_orc_3
D:10:     layout_layer_cave, nicolae_gozag_cash_rules_everything_around_me,
          serial_demonic, serial_demonic_f, serial_demonic_b, serial_demonic_f,
          serial_demonic_e, nicolae_inconvenience_store, grunt_tough_drop,
          uniq_harold, uniq_psyche
D:11:     layout_cave_pods, due_lair_maze_entry_diamond, uniq_gastronok,
          uniq_josephine
D:12:     layout_loops_cross, uniq_rupert
Lair:1:   layout_chaotic_city
Lair:2:   layout_chaotic_city, guppyfry_snake_entry_island
Lair:3:   layout_regular_city, shoals_dummy_entry, nicolae_volcano_entry_hallway
Volcano:  volcano_lake [vl_original]

Skill      XL: |  1  2  3  4  5  6  7  8  9 10 11 12 |
---------------+-------------------------------------+-----
Conjurations   | 1 2 3 4 5 7 8 10 | 10.8
Stealth        | 2 |  2.0
Translocations | 1 2 |  2.5
Fighting       | 1 2 4 5 6 |  6.0
Air Magic      | 1 2 3 |  3.6
Earth Magic    | 1 3 4 5 7 |  7.0
Poison Magic   | 1 2 3 |  3.0
Necromancy     | 2 |  2.0
Spellcasting   | 5 7 8 9 |  9.5
Invocations    | 4 5 6 |  6.3
Armour         | 3 6 7 |  7.3
Ice Magic      | 1 |  1.7
Dodging        | |  1.5
Summonings     | |  0.7

Action                     |  1- 3 |  4- 6 |  7- 9 | 10-12 | 13-15 || total
---------------------------+-------+-------+-------+-------+-------++-------
  Melee: Dagger            |     3 |       |       |       |       ||     3
         Short sword       |    10 |       |       |       |       ||    10
         Spear             |       |    29 |   175 |   151 |    16 ||   371
         Punch             |       |       |     3 |     3 |       ||     6
  Throw: Throwing net      |       |       |       |     2 |       ||     2
   Cast: Magic Dart        |    99 |   161 |   183 |    13 |       ||   456
         Mephitic Cloud    |       |     2 |    28 |    24 |       ||    54
         Stone Arrow       |       |       |    21 |   333 |    11 ||   365
         Kiss of Death     |       |       |     1 |       |       ||     1
         Iskenderun's Batt |       |       |       |    14 |     1 ||    15
  Evoke: Wand              |       |       |       |     2 |       ||     2
         Box of beasts     |       |       |       |       |     1 ||     1
    Use: Scroll            |       |     1 |     6 |    11 |     1 ||    19
   Stab: Confused          |       |     2 |    16 |     5 |       ||    23
         Sleeping          |       |       |     2 |       |       ||     2
 Armour: Robe              |     4 |     6 |    14 |       |       ||    24
         Ring mail         |       |       |     1 |   113 |    10 ||   124
  Dodge: Dodged            |    45 |    40 |   136 |   204 |    16 ||   441

Table legend: (Time is in decaauts)
 A = Elapsed time spent in this place.
 B = Non-inter-level travel time spent in this place.
 C = Inter-level travel time spent in this place.
 D = Time resting spent in this place.
 E = Time spent auto-exploring this place.
 F = Levels seen in this place.
 G = Mean time per level.
                   A        B        C        D        E       F      G
               +--------+--------+--------+--------+--------+-----+--------+
         Total |  23589 |  22426 |   1163 |   7278 |  11741 |  17 | 1387.6 |
       Dungeon |  18898 |  17790 |   1108 |   5591 |   9565 |  12 | 1574.8 |
          Lair |   3714 |   3659 |     55 |   1590 |   1558 |   3 | 1238.0 |
         Sewer |    808 |    808 |      0 |     40 |    617 |   1 |  808.0 |
       Volcano |    167 |    167 |      0 |     57 |      0 |   1 |  167.0 |
               +--------+--------+--------+--------+--------+-----+--------+

Top non-repeatable levels by time:
    D:10: 2957 daAuts
    D:11: 2322 daAuts
     D:9: 1791 daAuts
     D:7: 1750 daAuts
  Lair:2: 1700 daAuts
  Lair:1: 1690 daAuts
     D:1: 1650 daAuts
     D:5: 1444 daAuts
     D:2: 1441 daAuts
     D:4: 1405 daAuts
     D:6: 1192 daAuts
     D:8: 1062 daAuts
    D:12: 992 daAuts
     D:3: 887 daAuts
   Sewer: 808 daAuts
